woodfighter, lawful female dwarven Priestess -- --.-- .....| .....- .......- -- - -----....... |.... -----.......- -....)[[....<.....--------------- - --.[[I..........................| ---..--.....*..---- ----------- --- --........- .......... .............. ---............... --..............- ..............| .....(........- ......--.----.. .------ -- - -- woodfighter the Adept Experience level: 8 Strength: 18 Dexterity: 12 Constitution: 14 Intelligence: 17 Wisdom: 11 Charisma: 9 Health: 0(70) Energy: 61(61) Def: 9 Gold: 381 Moves: 5935 Dungeon seed: Z2VTbON3pkMHDTLI Game ID: woodfighter_1553115264 Your Inventory: Coins $ - 381 gold pieces Amulets A - an amulet of reflection (being worn) Weapons a - a blessed +1 mace named Mace of Disaster f - a blessed +0 dwarvish spear (weapon in hand) F - 3 +0 elven spears Armor e - a +0 robe (being worn) g - a +0 pair of speed boots (being worn) k - a blessed +1 elven shield n - a +0 small shield (being worn) q - a rusty +0 orcish helm (being worn) r - a +0 pair of leather gloves (being worn) y - a +0 dwarvish cloak N - a blessed +0 mummy wrapping Comestibles d - 2 sprigs of wolfsbane m - 5 food rations t - 2 eucalyptus leaves K - 3 tripe rations M - an egg Z - a lizard corpse Wands i - a wand of lightning (0:5) l - a wand of magic missile (0:4) B - a wand of teleportation (0:3) Tools h - a horn of plenty (0:12) w - a magic whistle z - a +0 pick-axe X - a towel Gems b - 2 turquoises c - a worthless piece of black glass j - a worthless piece of blue glass Y - a worthless piece of red glass Spells and supernatural/magical abilities: Name Level Category Fail Memory l - light 1 divination 0% 71% x - extra healing 3 healing 78% 71% I - identify 3 divination 81% 71% W - pray for help -- divine ? -- X - turn undead -- divine ? -- Your skills at the end: Miscellaneous Skills shield [Basic] wands [Basic] Weapon Skills pick-axe [Basic] mace [Basic] spear [Basic] Spellcasting Skills clerical spells [Basic] Final Attributes: You were devoutly aligned. You were sleep resistant. You were poison resistant. You were blinded. Your writing hand was ok. You had infravision. You were invisible. You were stealthy. You were protected. You were very fast. You had reflection. You were lucky. You are dead. Vanquished creatures: a ghost 2 giant mimics a warhorse 2 wolves a leprechaun 2 lizards a gnome king 4 Green-elves a housecat a gnome mummy a snake 3 soldier ants a bugbear 3 wood nymphs 3 Mordor orcs a rock piercer 5 fog clouds a violet fungus 2 gnome lords a red naga hatchling a golden naga hatchling a ghoul 2 straw golems a paper golem 2 giant ants 3 puppies 2 kittens 2 homunculi 2 iguanas 4 hill orcs a rabid rat a centipede 2 giant bats a monkey 2 orc zombies a wererat 7 killer bees 5 coyotes 4 hobbits 3 large kobolds 7 geckos 7 hobgoblins 3 giant rats 3 cave spiders a brown mold 2 yellow molds 2 green molds a red mold 9 gnomes 7 garter snakes 9 manes 10 jackals 3 foxes 3 kobolds 12 newts 7 goblins 5 sewer rats 13 grid bugs 4 bats 7 lichens 2 kobold zombies 201 creatures vanquished. Voluntary challenges: You did not cause conflict. You did not have reflection until turn 4323. You were not displaced. You had been an atheist until turn 5380. You used a wielded weapon 299 times, starting on turn 2. You did not apply a unicorn horn. You did not use plumbed fixtures. You did not drink any magical draughts. You read items or engraved 1 time, starting on turn 4747. You never genocided any monsters. You never polymorphed an object. You never changed form. You completed Sokoban on turn 4273, according to the rules. You used no wishes. You never split a pudding. You never wrote Elbereth's name. You never violated your personal moral code. Dungeon overview: The Dungeons of Doom: levels 1 to 9 Level 1 a fountain a long staircase Level 2 an armor shop, a sink Level 3 an armor shop, a fountain Level 4 a general store, a sink stairs to The Gnomish Mines Level 5 a fountain Level 6 ( ) a fountain Level 7 many fountains Level 8 (water) stairs to Sokoban Level 9 The Gnomish Mines: levels 5 to 9 Level 5 stairs to The Dungeons of Doom Level 6 Level 7 many shops, a temple to The Lady, a magic chest, some fountains, some trees Level 8 Level 9 <- You were here Sokoban: levels 4 to 7 Level 4 a magic chest Level 5 a sink Level 6 Level 7 a magic chest stairs to The Dungeons of Doom History has recorded: On T:1 you entered the Dungeons of Doom to retrieve the Amulet of Yendor! On T:484 you reached level 2 of The Dungeons of Doom. On T:817 you reached level 3 of The Dungeons of Doom. On T:900 you advanced to experience level 2. On T:1078 you reached level 4 of The Dungeons of Doom. On T:1208 you advanced to experience level 3. On T:1489 you reached level 5 of The Dungeons of Doom. On T:1522 you reached level 1 of The Gnomish Mines. On T:1636 you advanced to experience level 4. On T:1979 you reached level 6 of The Dungeons of Doom. On T:2158 you reached level 7 of The Dungeons of Doom. On T:2408 you advanced to experience level 5. On T:2430 you reached level 8 of The Dungeons of Doom. On T:2486 you advanced to experience level 6. On T:2735 you reached level 9 of The Dungeons of Doom. On T:2855 you reached level 4 of Sokoban. On T:2883 you opened a magic chest. On T:3174 you reached level 3 of Sokoban. On T:3177 you advanced to experience level 7. On T:3448 you reached level 2 of Sokoban. On T:3796 you reached level 1 of Sokoban. On T:4273 you advanced to experience level 8. On T:4273 you entered the Sokoban zoo. On T:4826 you reached level 2 of The Gnomish Mines. On T:4967 you reached level 3 of The Gnomish Mines. On T:5241 you entered the Minetown temple On T:5257 you reached level 4 of The Gnomish Mines. On T:5747 you reached level 5 of The Gnomish Mines. Score breakdown: Gold: 381 ( 38 points) Experience: 8 levels ( 700 points) Exploration: 9 levels ( 240 points) Discoveries: 30 items ( 1500 points) Variety of kills: 61 monsters ( 2000 points) Major goal: finished Sokoban ( 1000 points) Survival: died (score multiplied by 3) Total score: 16434 Latest messages: You sense a monster nearby! There's still a monster there. (2x) You hear some noises. You hear some noises in the distance. You sense a monster nearby! You hear some noises. There's still a monster there. (2x) You hear some noises in the distance. There's still a monster there. You hear some noises. You hear some noises in the distance. You hear some noises. You sense a monster nearby! You hear some noises in the distance. You sense a monster nearby! (2x) There's still a monster there. You sense a monster nearby! Something bumps right into you! There's still a monster there. (2x) Something claws you! Something bites! Something claws you! You jab something. Something claws you! Something bites! Something claws you! You die... Final status: Goodbye woodfighter the Priestess, killed by a leocrotta... You died in The Gnomish Mines on dungeon level 9 with 16434 points, and 381 pieces of gold, after 5935 moves. You were level 8 with a maximum of 70 hit points when you died.